 Seeded DCSS version 0.30.1-9-gdf580d7c3d (webtiles) character file.

Game seed: 5 (custom seed)

51 Kazon the Grave Robber (level 3, -1/25 HPs)
             Began as a Demonspawn Necromancer on Oct 3, 2023.
             Slain by a worm (9 damage)
             ... on level 2 of the Dungeon.
             The game lasted 00:08:16 (1047 turns).

Kazon the Grave Robber (Demonspawn Necromancer)     Turns: 1047, Time: 00:08:17

Health: -1/25      AC:  3    Str: 10    XL:     3   Next: 58%
Magic:  1/6        EV: 12    Int: 16    God:
Gold:   91         SH:  0    Dex: 13    Spells: 2/6 levels left

rFire   . . .        c - +0 dagger
rCold   . . .        (no shield)
rNeg    . . .        a - +0 robe
rPois   .            (helmet restricted)
rElec   .            (no cloak)
rCorr   .            (no gloves)
SInv    .            (no boots)
Will    .....        (no amulet)
Stlth   ++           (no ring)
HPRegen 0.24/turn    (no ring)
MPRegen 0.10/turn

%: no passive effects
@: no status effects
A: antennae 1, rugged brown scales 1
a: no special abilities


You were on level 2 of the Dungeon.
You visited 1 branch of the dungeon, and saw 2 of its levels.

You collected 91 gold pieces.

Inventory:

Hand Weapons
 c - a +0 dagger (weapon)
 w - the +3 greatsling "Punk" {acid, rCorr}
   (You acquired it on level 1 of the Dungeon)

   rCorr:     It protects you from acid and corrosion.
Missiles
 d - 3 boomerangs
 e - 5 stones
Armour
 a - a +0 robe (worn)
Scrolls
 f - a scroll of fog {unknown}
Potions
 b - 2 potions of magic
 g - a potion of resistance {unknown}
 h - 3 potions of curing {unknown}


   Skills:
 * Level 0.4 Fighting
 + Level 0.2 Short Blades
 + Level 0.6 Ranged Weapons
 + Level 1.9 Dodging
 + Level 2.1 Stealth
 + Level 2.3 Spellcasting
 + Level 5.1 Necromancy


You had 2 spell levels left.
You knew the following spells:

 Your Spells              Type           Power      Damage    Failure   Level
a - Necrotise             Necr           72%        1d7       2%          1
b - Vampiric Draining     Necr           18%        2d7       8%          3

Your spell library contained the following spells:

 Spells                   Type           Power      Damage    Failure   Level
 Animate Dead             Necr           18%        N/A       24%         4
 Agony                    Necr           18%        N/A       56%         5


Dungeon Overview and Level Annotations

Branches:
Dungeon (2/15)

Altars:


Innate Abilities, Weirdness & Mutations

You have a pair of small antennae on your head.
You are partially covered in rugged brown scales. (AC +1, +3% HP)


Message History

Aim: a worm (moderately wounded)
You draw life force from the worm.
The worm barely misses you.
You don't have enough magic to cast this spell.
You don't have enough magic to cast this spell.
You hit the worm.
The worm is heavily wounded.
The worm bites you!
You hit the worm but do no damage.
The worm is moderately wounded.
You hit the worm but do no damage.
The worm is moderately wounded.
The worm bites you but does no damage.
You hit the worm but do no damage.
The worm is moderately wounded.
You hit the worm.
The worm is moderately wounded.
The worm bites you.
You hit the worm.
The worm is moderately wounded.
You hit the worm but do no damage.
The worm is moderately wounded.
The worm barely misses you.
You hit the worm.
The worm is heavily wounded.
The worm barely misses you.
You hit the worm.
The worm is severely wounded.
You hit the worm.
The worm is severely wounded.
The worm bites you.
* * * LOW HITPOINT WARNING * * *
You barely miss the worm.
The worm is severely wounded.
You hit the worm but do no damage.
The worm is severely wounded.
The worm misses you.
You hit the worm but do no damage.
The worm is severely wounded.
The worm bites you!
You die...

###############
#..............
#.#############
#.# #.# ####.#
#....# #.#..#
#@###...
#..w.......
######.....#
.....# .....#
####


You could see a worm.

Vanquished Creatures
  An adder (D:2)
  2 bats (D:1)
  4 endoplasms (D:1)
  A giant cockroach (D:1)
  4 goblins (D:1)
  2 hobgoblins
  4 jackals (D:1)
  2 kobolds
  4 ball pythons
  2 frilled lizards
  A rat (D:1)
27 creatures vanquished.

Vanquished Creatures (collateral kills)
  An endoplasm (D:1)
  A hobgoblin (D:2)
  3 jackals (D:1)
  3 goblins (D:2)
8 creatures vanquished.

Grand Total: 35 creatures vanquished

Notes
Turn   | Place    | Note
-------+----------+-------------------------------------------
     0 | D:1      | Kazon the Demonspawn Necromancer began the quest for the
                  | Orb.
     0 | D:1      | Reached XP level 1. HP: 13/13 MP: 3/3
    77 | D:1      | Gained mutation: You have a pair of small antennae on your
                  | head. [demonic ancestry]
    77 | D:1      | Reached XP level 2. HP: 19/19 MP: 1/5
    88 | D:1      | Identified a scroll of acquirement
    88 | D:1      | Acquired the +3 greatsling "Punk" {acid, rCorr}
    88 | D:1      | Found the +3 greatsling "Punk" {acid, rCorr}
   180 | D:1      | Reached skill level 5 in Necromancy
   420 | D:1      | Gained mutation: You are partially covered in rugged brown
                  | scales. (AC +1, +3% HP) [demonic ancestry]
   420 | D:1      | Reached XP level 3. HP: 15/24 MP: 2/6
   920 | D:2      | Learned a level 3 spell: Vampiric Draining
  1047 | D:2      | Slain by a worm

Illustrated notes

Levels and vault maps discovered:
D:1:      ebering_trefoil_3fold, layout_basic, st_stairs_14, serial_bayou_ford_a
D:2:      layout_basic, hangedman_decor_growths, minmay_close_crescents

Skill      XL: |  1  2 |
---------------+-------+-----
Stealth        | 2 |  2.1
Necromancy     | 5 |  5.1
Fighting       | |  0.4
Short Blades   | |  0.2
Ranged Weapons | |  0.6
Dodging        | |  1.9
Spellcasting   | |  2.3

Action                     || total
---------------------------++-------
  Melee: Dagger            ||    30
         Unarmed           ||     2
   Fire: Greatsling        ||    28
   Cast: Necrotise         ||    27
         Vampiric Draining ||     1
    Use: Scroll            ||     2
 Armour: Robe              ||     6
  Dodge: Dodged            ||    37
